Map: Dusk Towers

Players

State - Winner!

  • Race: Protoss Protoss

InZaNe

  • Race: Terran Terran
  • League: Master

Event: DreamHack ZOWIE Open Leipzig

VOD

Have the link to the VOD?

Description

Time

  • Played on: Jan. 22, 2016, 9:02 a.m.
  • Length: 7:47

All games in this series

Show
View Real Time Build Order
Export as new Build Order

State Protoss - Winner!

Build Orders: 1 Gate Expand, Oracle Opening 

Get SALT Encoding   

  12  0:01  Probe (Chrono Boost)  
  13  0:11  Probe (Chrono Boost)  
  14  0:19  Pylon  
  14  0:22  Probe (Chrono Boost)  
  15  0:37  Gateway, Probe (Chrono Boost)  
  16  0:43  Assimilator  
  16  0:48  Probe (Chrono Boost)  
  17  0:58  Probe (Chrono Boost)  
  18  1:09  Probe (Chrono Boost)  
  19  1:20  Nexus  
  19  1:24  Probe (Chrono Boost)  
  20  1:35  Cybernetics Core  
  20  1:38  Probe (Chrono Boost)  
  21  1:45  Assimilator  
  21  1:48  Probe (Chrono Boost)  
  21  1:52  Pylon  
  22  1:59  Probe (Chrono Boost)  
  23  2:11  Adept (Chrono Boost)  
  23  2:12  Mothership Core (Chrono Boost)  
  27  2:18  Pylon  
  27  2:20  Warp Gate  
  27  2:30  Probe (Chrono Boost)  
  27  2:34  Probe (Chrono Boost)  
  29  2:41  Probe (Chrono Boost)  
  30  2:45  Probe (Chrono Boost)  
  30  2:46  Stargate  
  31  2:51  Probe (Chrono Boost)  
  31  2:52  Adept  
  31  2:56  Probe (Chrono Boost)  
  35  3:02  Probe (Chrono Boost)  
  36  3:06  Probe (Chrono Boost)  
  36  3:10  Pylon  
  36  3:11  Pylon  
  37  3:14  Pylon  
  37  3:18  Probe (Chrono Boost)  
  38  3:21  Probe (Chrono Boost)  
  37  3:27  Probe (Chrono Boost)  
  37  3:30  Oracle (Chrono Boost)  
  37  3:32  Probe  
  42  3:38  Robotics Facility  
  42  3:40  Probe  
  42  3:45  Probe  
  42  3:46  Pylon  
  44  3:51  Probe  
  43  3:57  Probe  
  43  4:01  Probe  
  43  4:03  Assimilator x2  
  43  4:05  Oracle (Chrono Boost)  
  43  4:09  Probe  
  48  4:12  Probe  
  49  4:21  Probe  
  49  4:22  Probe  
  51  4:27  Twilight Council  
  51  4:33  Probe x2  
  53  4:41  Nexus  
  53  4:42  Pylon  
  53  4:43  Probe  
  54  4:46  Probe  
  54  4:50  Oracle (Chrono Boost)  
  58  4:54  Probe  
  58  4:58  Immortal (Chrono Boost), Probe  
  58  5:06  Probe, Blink (Chrono Boost)  
  63  5:10  Probe  
  64  5:18  Gateway  
  64  5:19  Gateway  
  64  5:23  Gateway  
  64  5:24  Gateway  
  64  5:29  Gateway  
  64  5:30  Probe  
  65  5:36  Immortal  
  65  5:38  Probe  
  70  5:48  Pylon x2  
  70  5:53  Probe x2  
  72  6:03  Probe  
  72  6:05  Probe x2  
  72  6:07  Oracle  
  72  6:08  Stalker  
  72  6:10  Warp Prism  
  80  6:13  Probe  
  83  6:18  Gateway  
  83  6:19  Gateway  
  83  6:22  Probe  
  84  6:26  Sentry x3, Probe, Stalker  
  84  6:27  Probe  
  98  6:44  Mothership Core  
  98  6:45  Stalker x2, Pylon  
  98  6:46  Probe  
  101  6:47  Pylon  
  101  6:49  Pylon  
  101  6:52  Nexus  
  101  7:03  Probe  
  101  7:04  Probe  
  101  7:06  Assimilator  
  101  7:08  Assimilator  
  103  7:10  Stalker x4  
  103  7:14  Probe  
  111  7:15  Probe  
  111  7:22  Probe  
  111  7:25  Forge  
  111  7:26  Forge  
  111  7:31  Stalker x2  
  111  7:34  Stalker x3  
Show
View Real Time Build Order
Export as new Build Order

InZaNe Terran 

Build Orders:  

Get SALT Encoding   

  12  0:00  SCV  
  13  0:12  SCV  
  14  0:17  Supply Depot  
  14  0:24  SCV  
  15  0:38  SCV  
  15  0:39  Barracks  
  16  0:44  Refinery  
  16  0:50  SCV  
  17  1:03  SCV  
  18  1:15  SCV  
  20  1:33  Orbital Command  
  20  1:37  Barracks Reactor  
  19  1:46  Command Center  
  19  1:53  Supply Depot  
  19  1:59  SCV  
  20  2:11  SCV, Factory  
  21  2:15  Marine  
  21  2:16  Marine  
  23  2:23  SCV  
  24  2:33  Marine x2  
  24  2:35  SCV  
  27  2:47  SCV  
  27  2:50  Command Center  
  28  2:55  Factory Tech Lab  
  28  3:00  Orbital Command  
  29  3:06  Marine  
  29  3:10  Marine  
  31  3:15  Cyclone  
  32  3:24  Marine  
  31  3:29  SCV  
  31  3:31  Marine  
  32  3:35  Supply Depot  
  32  3:48  Marine  
  32  3:49  Barracks  
  32  4:03  Orbital Command  
  32  4:06  SCV, Marine  
  32  4:07  SCV  
  34  4:13  Cyclone  
  30  4:18  SCV  
  30  4:19  SCV  
  30  4:23  Supply Depot x2  
  29  4:26  Barracks Reactor  
  29  4:27  Marine  
  29  4:29  SCV  
  29  4:30  SCV  
  33  4:31  SCV  
  33  4:33  Engineering Bay  
  33  4:36  Marine  
  34  4:41  SCV  
  34  4:45  Marine  
  30  4:55  SCV  
  30  4:56  SCV x2  
  30  4:59  Marine  
  31  5:06  Barracks Reactor, Refinery  
  32  5:11  SCV  
  32  5:12  SCV x2  
  35  5:14  Missile Turret  
  36  5:24  SCV x2  
  36  5:25  SCV  
  38  5:32  Missile Turret  
  36  5:36  SCV x2  
  36  5:38  SCV  
  36  5:39  Marine  
  36  5:40  Stimpack  
  40  5:43  Marine x2  
  40  5:48  SCV x2  
  44  5:50  SCV  
  44  5:57  Marine  
  40  6:00  Factory Tech Lab, Marine, SCV  
  40  6:01  Marine  
  43  6:04  SCV  
  43  6:05  SCV, Missile Turret  
  43  6:06  Refinery x2  
  45  6:12  SCV  
  45  6:14  Starport, Marine  
  45  6:15  Barracks  
  45  6:17  SCV x2  
  49  6:18  Marine  
  49  6:23  Barracks  
  49  6:24  SCV  
  51  6:29  SCV x2  
  53  6:33  Marine x2  
  53  6:34  Factory Reactor  
  53  6:36  SCV  
  56  6:40  Supply Depot  
  56  6:41  SCV  
  56  6:42  Supply Depot  
  56  6:44  Marine  
  58  6:48  SCV  
  58  6:53  SCV  
  60  6:55  Orbital Command  
  60  6:59  Starport Reactor, Marine  
  60  7:00  SCV  
  62  7:02  Marine, Marauder  
  62  7:04  Marine  
  62  7:05  SCV  
  67  7:12  Widow Mine x2  
  67  7:14  Marauder  
  73  7:18  Supply Depot  
  73  7:20  Supply Depot  
  73  7:21  Supply Depot  
  73  7:28  Supply Depot, Marine  

Tags
 
Add a new tag
Caveats
  • Supply blocks, unpowered buildings, or Contaminate may cause inaccurate times.
  • Supply counts are checked every 10 seconds.